Coyotes vs Bruins

Created - 8 janvier 2013 at 19:05

Goals
1 2 3 T
Coyotes 0 2 0 2
Bruins 4 1 3 8
Shots
1 2 3 T
Coyotes 8 11 10 29
Bruins 11 9 18 38

1st period

1. Bruins , Victor Oreskovich 4 (Scottie Upshall, Ryan O'Byrne) at 0:51
2. Bruins , Wojtek Wolski 11 (Andrew Alberts, Zdeno Chara) at 8:43
3. Bruins , Daniel Briere 4 (Andrew Alberts, Eric Lindros) at 9:54
4. Bruins , Michael Ryder 6 (Joe Corvo, Wayne Primeau) at 15:00

Penalties :
Frans Nielsen (Pho) for High sticking (Minor) at 4:00

2nd period

5. Bruins , Matt Hendricks 3 (Wojtek Wolski, Eric Lindros) at 7:09
6. Coyotes , Maxim Lapierre 3 (Jamal Mayers, Sergei Samsonov) at 8:28
7. Coyotes , Sergei Samsonov 7 (Jamal Mayers, Maxim Lapierre) at 16:44 (PP)

Penalties :
Jeff Carter (Bos) for Fighting (Major) at 1:30, Lukas Krajicek (Pho) for Fighting (Major) at 1:30, Scott Hartnell (Bos) for Interference (Minor) at 1:47, Wojtek Wolski (Bos) for Roughing (Minor) at 4:00, Eric Lindros (Bos) for Tripping (Minor) at 4:27, Frans Nielsen (Pho) for High sticking (Minor) at 4:27, Ryan O'Byrne (Bos) for High sticking (Minor) at 14:46

3rd period

8. Bruins , Scott Hartnell 9 (Zdeno Chara, Eric Lindros) at 3:42
9. Bruins , Wojtek Wolski 12 (Vitali Yachmenev, Jeff Carter) at 5:05
10. Bruins , Wojtek Wolski 13 (Eric Lindros, Joe Corvo) at 7:15 (PP)

Penalties :
Brenden Morrow (Pho) for Tripping (Minor) at 6:27, Riley Cote (Pho) for Hooking (Minor) at 15:15, Wojtek Wolski (Bos) for Fighting (Major) at 19:45, Brenden Morrow (Pho) for Fighting (Major) at 19:45, Joe Corvo (Bos) for Fighting (Major) at 19:56, Jay Bouwmeester (Pho) for Fighting (Major) at 19:56

Goalie Stats

Jean-Sébastien Giguère (Pho), 7 saves from 11 shots - (0,636), L, 11-11-1, 15:00 minutes
Peter Budaj (Pho), 23 saves from 27 shots - (0,852), 45:00 minutes
Evgeni Nabokov (Bos), 27 saves from 29 shots - (0,931), W, 9-6-5, 60:00 minutes

Players Stats for Coyotes

Player Name              G  A  P  +/- PIM S  H  SB GA TA FO     MP     PP MP  PK MP  
------------------------------------------------------------------------------------
Brenden Morrow           0  0  0  -1  7   3  5  0  0  0  0/0    21:41   2:16   2:00 
Chad Larose              0  0  0  -5  0   0  0  0  0  0  1/5    14:02   0:00   1:46 
Christian Ehrhoff        0  0  0  -2  0   2  2  3  1  3  0/0    29:47   1:59   2:50 
Craig Adams              0  0  0  -5  0   1  0  0  0  0  0/0    14:14   0:00   1:58 
Denis Grebeshkov         0  0  0  -4  0   1  0  0  0  1  0/0    20:29   2:25   1:56 
Drew Miller              0  0  0  -4  0   0  0  0  1  0  0/0    12:30   0:00   1:11 
Frans Nielsen            0  0  0  -2  4   5  0  0  0  0  10/40  19:42   2:15   0:00 
Gilbert Brule            0  0  0  -1  0   1  1  0  0  0  0/4     7:08   0:00   0:00 
Jamal Mayers             0  2  2   1  0   1  2  1  0  0  1/1    15:34   2:08   0:00 
Jay Bouwmeester          0  0  0  -2  5   2  2  2  2  0  0/0    29:39   1:59   2:50 
Jiri Fischer             0  0  0   0  0   0  1  0  0  0  0/0     9:51   0:00   0:00 
Kurt Sauer               0  0  0  -4  0   1  0  0  1  0  0/0    20:29   2:25   1:56 
Lukas Krajicek           0  0  0   0  5   0  0  0  0  0  0/0     9:43   0:00   0:00 
Marian Gaborik           0  0  0  -1  0   3  1  0  0  0  4/6    22:34   2:16   2:37 
Maxim Lapierre           1  1  2   1  0   3  1  0  0  1  7/15   15:34   2:08   0:00 
Pavel Brendl             0  0  0  -1  0   1  1  0  0  0  0/0     7:08   0:00   0:00 
Riley Cote               0  0  0  -1  2   0  0  1  0  0  0/0     7:10   0:00   0:00 
Sergei Samsonov          1  1  2   1  0   5  1  0  0  0  0/0    15:53   2:08   0:00 

Players Stats for Bruins

Player Name              G  A  P  +/- PIM S  H  SB GA TA FO     MP     PP MP  PK MP  
------------------------------------------------------------------------------------
Andrew Alberts           0  2  2   3  0   2  1  2  1  0  0/0    27:27   1:41   3:16 
Christoph Schubert       0  0  0   2  0   0  0  0  0  0  0/0    11:30   0:00   1:04 
Daniel Briere            1  0  1   2  0   3  3  2  0  1  1/1    19:29   2:58   0:00 
Eric Lindros             0  4  4   3  2   3  1  0  1  0  26/36  22:50   3:05   2:31 
Jeff Carter              0  1  1   1  5   1  1  2  1  0  8/12   14:11   1:41   0:00 
Joe Corvo                0  2  2   1  5   1  0  4  0  0  0/0    22:06   3:05   2:40 
Matt Cooke               0  0  0   1  0   1  2  0  0  0  0/3     9:41   0:00   1:43 
Matt Hendricks           1  0  1   2  0   1  3  0  0  0  6/6    11:15   0:00   2:06 
Michael Ryder            1  0  1   1  0   7  1  1  0  0  0/0     8:18   0:07   0:00 
Richard Lintner          0  0  0   2  0   0  0  0  0  1  0/0    14:11   1:41   2:04 
Ryan O'Byrne             0  1  1   1  2   0  0  0  0  0  0/0    17:39   0:00   1:52 
Scott Hartnell           1  0  1   2  2   1  1  0  1  0  3/3    18:26   1:41   0:14 
Scottie Upshall          0  1  1   1  0   6  1  1  0  0  0/0    11:01   0:07   0:00 
Victor Oreskovich        1  0  1   1  0   1  4  1  1  0  0/0    10:54   0:00   0:00 
Vitali Yachmenev         0  1  1   1  0   0  1  1  0  0  0/1    14:25   1:41   0:00 
Wayne Primeau            0  1  1   1  0   1  0  0  0  0  4/8    13:23   0:00   2:28 
Wojtek Wolski            3  1  4   2  7   6  1  1  0  0  0/1    18:07   2:58   1:17 
Zdeno Chara              0  2  2   3  0   4  3  2  0  3  0/0    27:05   3:05   0:56 

3 Stars

1 - Wojtek Wolski (Bos)
2 - Eric Lindros (Bos)
3 - Zdeno Chara (Bos)

Power Play

Coyotes - 1 on 3 Attempt(s) - 33,33%
Bruins - 1 on 3 Attempt(s) - 33,33%

Penalty Kill

Coyotes - 2 on 3 Attempt(s) - 66,67% - Score 0 goal in Penalty Kill
Bruins - 2 on 3 Attempt(s) - 66,67% - Score 0 goal in Penalty Kill

Official

Referees : VanMassenhoven Don and Kimmerly Greg
Linesman : Michel Cormier and Derek Nansen

Game Notes

Peter Budaj enters game at 15:00 of 1st period
Jeff Carter beats up Lukas Krajicek at 1:30 of 2nd period
Wojtek Wolski has scored a Hat Trick!
Wojtek Wolski and Brenden Morrow fight to a draw at 19:45 of 3rd period
Joe Corvo and Jay Bouwmeester fight to a draw at 19:56 of 3rd period

Finance

Level 1 -- Attendance: 4309 (71,82%) -- Ticket Income 426 591 $
Level 2 -- Attendance: 3387 (67,74%) -- Ticket Income 199 833 $
Level 3 -- Attendance: 1845 (92,25%) -- Ticket Income 53 505 $
Level 4 -- Attendance: 3741 (93,53%) -- Ticket Income 71 079 $
Luxury Box -- Attendance: 798 (79,80%) -- Ticket Income 150 822 $
Game was played at the TD Banknorth Garden
Total Attendance: 14080 (78,22%)
Total Ticket Income: 901 830 $
Total Income: 901 830 $

Coyotes

5 vs 5 Forward 
   Center                   Left Wing                Right Wing               Time % Phy DF OF 
 1 Frans Nielsen            Brenden Morrow           Marian Gaborik           40     1   2  2  
 2 Maxim Lapierre           Sergei Samsonov          Jamal Mayers             30     1   2  2  
 3 Chad Larose              Drew Miller              Craig Adams              20     1   2  2  
 4 Gilbert Brule            Riley Cote               Pavel Brendl             10     1   2  2  

5 vs 5 Defense 
   Defense                  Defense                                           Time % Phy DF OF 
 1 Jay Bouwmeester          Christian Ehrhoff                                 40     1   2  2  
 2 Kurt Sauer               Denis Grebeshkov                                  30     1   2  2  
 3 Jiri Fischer             Lukas Krajicek                                    20     1   2  2  
 4 Jay Bouwmeester          Christian Ehrhoff                                 10     1   2  2  

PowerPlay Forward 
   Center                   Left Wing                Right Wing               Time % Phy DF OF 
 1 Frans Nielsen            Brenden Morrow           Marian Gaborik           60     1   2  2  
 2 Maxim Lapierre           Sergei Samsonov          Jamal Mayers             40     1   2  2  

PowerPlay Defense
   Defense                  Defense                                           Time % Phy DF OF 
 1 Jay Bouwmeester          Christian Ehrhoff                                 60     1   2  2  
 2 Kurt Sauer               Denis Grebeshkov                                  40     1   2  2  

Penalty Kill 4 Players Forward 
   Center                   Wing                     Time % Phy DF OF 
 1 Marian Gaborik           Brenden Morrow           60     1   2  2  
 2 Chad Larose              Craig Adams              40     1   2  2  

Penalty Kill 4 Players Defense
   Defense                  Defense                  Time % Phy DF OF 
 1 Jay Bouwmeester          Christian Ehrhoff        60     1   2  2  
 2 Kurt Sauer               Denis Grebeshkov         40     1   2  2  

Penalty Kill - 3 Players Forward 
   Forward                                           Time % Phy DF OF 
 1 Marian Gaborik                                    60     1   2  2  
 2 Brenden Morrow                                    40     1   2  2  

Penalty Kill - 3 Players Defense
   Defense                  Defense                  Time % Phy DF OF 
 1 Jay Bouwmeester          Christian Ehrhoff        60     1   2  2  
 2 Kurt Sauer               Denis Grebeshkov         40     1   2  2  

4 vs 4 Forward 
   Center                   Wing                     Time % Phy DF OF 
 1 Marian Gaborik           Brenden Morrow           60     1   2  2  
 2 Frans Nielsen            Sergei Samsonov          40     1   2  2  

4 vs 4 Defense
   Defense                  Defense                  Time % Phy DF OF 
 1 Jay Bouwmeester          Christian Ehrhoff        60     1   2  2  
 2 Kurt Sauer               Denis Grebeshkov         40     1   2  2  

Last Minutes Offensive
   Center                   Left Wing                Right Wing               Defense                  Defense                  
   Frans Nielsen            Brenden Morrow           Marian Gaborik           Jay Bouwmeester          Christian Ehrhoff        

Last Minutes Defensive
   Center                   Left Wing                Right Wing               Defense                  Defense                  
   Frans Nielsen            Brenden Morrow           Marian Gaborik           Jay Bouwmeester          Christian Ehrhoff        

Goaltenders
Starting : Jean-Sébastien Giguère   
Backup : Peter Budaj              

Extra Forwards
Normal : Drew Miller, Chad Larose, Craig Adams - PP : Drew Miller, Chad Larose - PK : Craig Adams
Extra Defensemen
Normal : Jiri Fischer, Lukas Krajicek, Kurt Sauer - PP : Jiri Fischer - PK : Lukas Krajicek, Kurt Sauer
Penalty Shots
Marian Gaborik, Brenden Morrow, Jamal Mayers, Frans Nielsen, Sergei Samsonov

Bruins

5 vs 5 Forward 
   Center                   Left Wing                Right Wing               Time % Phy DF OF 
 1 Eric Lindros             Scott Hartnell           Daniel Briere            40     0   2  3  
 2 Jeff Carter              Wojtek Wolski            Vitali Yachmenev         30     0   2  3  
 3 Wayne Primeau            Scottie Upshall          Victor Oreskovich        20     1   2  2  
 4 Matt Hendricks           Matt Cooke               Michael Ryder            10     1   2  2  

5 vs 5 Defense 
   Defense                  Defense                                           Time % Phy DF OF 
 1 Andrew Alberts           Zdeno Chara                                       40     1   2  2  
 2 Ryan O'Byrne             Joe Corvo                                         30     1   2  2  
 3 Richard Lintner          Christoph Schubert                                20     1   2  2  
 4 Zdeno Chara              Andrew Alberts                                    10     1   2  2  

PowerPlay Forward 
   Center                   Left Wing                Right Wing               Time % Phy DF OF 
 1 Eric Lindros             Wojtek Wolski            Daniel Briere            60     0   2  3  
 2 Jeff Carter              Scott Hartnell           Vitali Yachmenev         40     0   2  3  

PowerPlay Defense
   Defense                  Defense                                           Time % Phy DF OF 
 1 Zdeno Chara              Joe Corvo                                         60     0   2  3  
 2 Richard Lintner          Andrew Alberts                                    40     0   2  3  

Penalty Kill 4 Players Forward 
   Center                   Wing                     Time % Phy DF OF 
 1 Eric Lindros             Wayne Primeau            60     1   3  1  
 2 Matt Hendricks           Wojtek Wolski            40     1   3  1  

Penalty Kill 4 Players Defense
   Defense                  Defense                  Time % Phy DF OF 
 1 Ryan O'Byrne             Andrew Alberts           60     2   3  0  
 2 Richard Lintner          Joe Corvo                40     2   3  0  

Penalty Kill - 3 Players Forward 
   Forward                                           Time % Phy DF OF 
 1 Eric Lindros                                      60     1   3  1  
 2 Wayne Primeau                                     40     1   3  1  

Penalty Kill - 3 Players Defense
   Defense                  Defense                  Time % Phy DF OF 
 1 Zdeno Chara              Andrew Alberts           60     2   3  0  
 2 Ryan O'Byrne             Joe Corvo                40     2   3  0  

4 vs 4 Forward 
   Center                   Wing                     Time % Phy DF OF 
 1 Eric Lindros             Daniel Briere            60     1   2  2  
 2 Wojtek Wolski            Jeff Carter              40     1   2  2  

4 vs 4 Defense
   Defense                  Defense                  Time % Phy DF OF 
 1 Zdeno Chara              Andrew Alberts           60     1   2  2  
 2 Ryan O'Byrne             Joe Corvo                40     1   2  2  

Last Minutes Offensive
   Center                   Left Wing                Right Wing               Defense                  Defense                  
   Eric Lindros             Wojtek Wolski            Daniel Briere            Zdeno Chara              Joe Corvo                

Last Minutes Defensive
   Center                   Left Wing                Right Wing               Defense                  Defense                  
   Eric Lindros             Wojtek Wolski            Daniel Briere            Ryan O'Byrne             Andrew Alberts           

Goaltenders
Starting : Evgeni Nabokov           
Backup : Scott Clemmensen         

Extra Forwards
Normal : Michael Ryder, Scottie Upshall, Matt Hendricks - PP : Michael Ryder, Scottie Upshall - PK : Matt Cooke
Extra Defensemen
Normal : Richard Lintner, Christoph Schubert, Ryan O'Byrne - PP : Richard Lintner - PK : Christoph Schubert, Ryan O'Byrne
Penalty Shots
Eric Lindros, Wojtek Wolski, Jeff Carter, Daniel Briere, Zdeno Chara

% Time on Ice - Coyotes

Lines # - Real PCT - Wanted PCT - Time Play
Normal Forward
1 - 36% - 40% - 17:25
2 - 28% - 30% - 13:32
3 - 22% - 20% - 10:46
4 - 15% - 10% - 7:08
Normal Defense
1 - 43% - 40% - 20:49
2 - 32% - 30% - 15:24
3 - 20% - 20% - 9:48
4 - 6% - 10% - 2:50
PP Forward
1 - 52% - 60% - 2:16
2 - 48% - 40% - 2:08
PP Defense
1 - 45% - 60% - 1:59
2 - 55% - 40% - 2:25
PK Forward
1 - 77% - 60% - 3:39
2 - 23% - 40% - 1:07
PK Defense
1 - 59% - 60% - 2:50
2 - 41% - 40% - 1:56
PK3 Forward
1 - 0% - 60%
2 - 0% - 40%
PK3 Defense
1 - 0% - 60%
2 - 0% - 40%
44 Forward
1 - 84% - 60% - 1:40
2 - 16% - 40% - 0:19
44 Defense
1 - 63% - 60% - 1:15
2 - 37% - 40% - 0:44
Last Minute Offensive  - 0:00
Last Minute Defensive  - 0:00
Total
Forward - 60:00
Defense - 60:00

% Time on Ice - Bruins

Lines # - Real PCT - Wanted PCT - Time Play
Normal Forward
1 - 35% - 40% - 17:15
2 - 26% - 30% - 12:44
3 - 22% - 20% - 10:54
4 - 16% - 10% - 7:58
Normal Defense
1 - 42% - 40% - 20:32
2 - 32% - 30% - 15:34
3 - 21% - 20% - 10:26
4 - 5% - 10% - 2:19
PP Forward
1 - 65% - 60% - 3:05
2 - 35% - 40% - 1:41
PP Defense
1 - 65% - 60% - 3:05
2 - 35% - 40% - 1:41
PK Forward
1 - 71% - 60% - 3:07
2 - 29% - 40% - 1:17
PK Defense
1 - 53% - 60% - 2:20
2 - 47% - 40% - 2:04
PK3 Forward
1 - 100% - 60% - 1:32
2 - 0% - 40% - 0:00
PK3 Defense
1 - 61% - 60% - 0:56
2 - 39% - 40% - 0:36
44 Forward
1 - 100% - 60% - 0:27
2 - 0% - 40% - 0:00
44 Defense
1 - 100% - 60% - 0:27
2 - 0% - 40% - 0:00
Last Minute Offensive  - 0:00
Last Minute Defensive  - 0:00
Total
Forward - 60:00
Defense - 60:00

Play by Play

1st period


0:01 of 1st period - Frans Nielsen wins face-off versus Eric Lindros in neutral zone.
0:51 of 1st period - Wrist shot by Victor Oreskovich.
0:51 of 1st period - Goal by Victor Oreskovich - Coyotes : 0 - Bruins : 1.
0:52 of 1st period - Matt Hendricks wins face-off versus Gilbert Brule in neutral zone.
1:22 of 1st period - Wrist shot by Frans Nielsen.
1:22 of 1st period - Stopped by Evgeni Nabokov without a rebound.
1:23 of 1st period - Chad Larose wins face-off versus Wayne Primeau in Bruins zone.
1:58 of 1st period - Snap shot by Daniel Briere.
1:58 of 1st period - Shot Misses the Net.
2:08 of 1st period - Slapshot by Michael Ryder.
2:08 of 1st period - Stopped by Jean-Sébastien Giguère with a rebound.
3:21 of 1st period - Snap shot by Gilbert Brule.
3:21 of 1st period - Deflect By Pavel Brendl.
3:21 of 1st period - Shot Blocked by Andrew Alberts.
3:21 of 1st period - Puck is out of play.
3:22 of 1st period - Jeff Carter wins face-off versus Frans Nielsen in Bruins zone.
3:48 of 1st period - Jay Bouwmeester is hit by Daniel Briere.
3:55 of 1st period - Off-side.
3:56 of 1st period - Eric Lindros wins face-off versus Frans Nielsen in neutral zone.
4:00 of 1st period - Minor Penalty to Frans Nielsen for High sticking.
4:01 of 1st period - Marian Gaborik wins face-off versus Eric Lindros in Coyotes zone.
4:12 of 1st period - Slapshot by Brenden Morrow.
4:12 of 1st period - Stopped by Evgeni Nabokov with a rebound.
5:33 of 1st period - Zdeno Chara is hit by Christian Ehrhoff and loses puck.
6:00 of 1st period - Penalty to Frans Nielsen is over, Frans Nielsen is back on ice.
6:14 of 1st period - Snap shot by Sergei Samsonov.
6:14 of 1st period - Stopped by Evgeni Nabokov with a rebound.
6:30 of 1st period - Snap shot by Michael Ryder.
6:30 of 1st period - Stopped by Jean-Sébastien Giguère without a rebound.
6:31 of 1st period - Matt Hendricks wins face-off versus Gilbert Brule in Coyotes zone.
6:32 of 1st period - Wrist shot by Michael Ryder.
6:32 of 1st period - Stopped by Jean-Sébastien Giguère without a rebound.
6:33 of 1st period - Matt Hendricks wins face-off versus Frans Nielsen in Coyotes zone.
7:41 of 1st period - Snap shot by Craig Adams.
7:41 of 1st period - Shot Misses the Net.
8:39 of 1st period - Slapshot by Zdeno Chara.
8:39 of 1st period - Deflect By Denis Grebeshkov.
8:39 of 1st period - Stopped by Jean-Sébastien Giguère with a rebound.
8:41 of 1st period - Slapshot by Andrew Alberts.
8:41 of 1st period - Stopped by Jean-Sébastien Giguère with a rebound.
8:43 of 1st period - Wrist shot by Wojtek Wolski.
8:43 of 1st period - Goal by Wojtek Wolski - Coyotes : 0 - Bruins : 2.
8:44 of 1st period - Frans Nielsen wins face-off versus Eric Lindros in neutral zone.
9:09 of 1st period - Ryan O'Byrne is hit by Jamal Mayers and loses puck.
9:50 of 1st period - Snap shot by Eric Lindros.
9:50 of 1st period - Stopped by Jean-Sébastien Giguère with a rebound.
9:52 of 1st period - Slapshot by Andrew Alberts.
9:52 of 1st period - Shot Blocked by Riley Cote.
9:54 of 1st period - Slapshot by Daniel Briere.
9:54 of 1st period - Goal by Daniel Briere - Coyotes : 0 - Bruins : 3.
9:55 of 1st period - Eric Lindros wins face-off versus Frans Nielsen in neutral zone.
10:02 of 1st period - Snap shot by Daniel Briere.
10:02 of 1st period - Stopped by Jean-Sébastien Giguère with a rebound.
10:30 of 1st period - Ryan O'Byrne is hit by Jiri Fischer and loses puck.
11:08 of 1st period - Wayne Primeau is hit by Brenden Morrow and loses puck.
11:27 of 1st period - Chad Larose is hit by Daniel Briere and loses puck.
11:54 of 1st period - Snap shot by Sergei Samsonov.
11:54 of 1st period - Stopped by Evgeni Nabokov with a rebound.
12:08 of 1st period - Snap shot by Marian Gaborik.
12:08 of 1st period - Stopped by Evgeni Nabokov with a rebound.
12:10 of 1st period - Slapshot by Jiri Fischer.
12:10 of 1st period - Deflect By Brenden Morrow.
12:10 of 1st period - Shot Blocked by Joe Corvo.
12:10 of 1st period - Puck is out of play.
12:11 of 1st period - Frans Nielsen wins face-off versus Eric Lindros in Bruins zone.
12:20 of 1st period - Snap shot by Frans Nielsen.
12:20 of 1st period - Stopped by Evgeni Nabokov without a rebound.
12:21 of 1st period - Frans Nielsen wins face-off versus Eric Lindros in Bruins zone.
12:22 of 1st period - Slapshot by Marian Gaborik.
12:22 of 1st period - Shot Hit the Post.
13:06 of 1st period - Snap shot by Daniel Briere.
13:06 of 1st period - Shot Misses the Net.
13:08 of 1st period - Snap shot by Daniel Briere.
13:08 of 1st period - Shot Misses the Net.
13:10 of 1st period - Slapshot by Andrew Alberts.
13:10 of 1st period - Shot Misses the Net.
13:12 of 1st period - Slapshot by Andrew Alberts.
13:12 of 1st period - Deflect By Daniel Briere.
13:12 of 1st period - Shot Misses the Net.
13:12 of 1st period - Puck is out of play.
13:13 of 1st period - Maxim Lapierre wins face-off versus Jeff Carter in Coyotes zone.
13:48 of 1st period - Chad Larose is hit by Zdeno Chara and loses puck.
14:03 of 1st period - Wrist shot by Pavel Brendl.
14:03 of 1st period - Stopped by Evgeni Nabokov with a rebound.
14:05 of 1st period - Slapshot by Kurt Sauer.
14:05 of 1st period - Shot Blocked by Michael Ryder.
14:07 of 1st period - Slapshot by Kurt Sauer.
14:07 of 1st period - Stopped by Evgeni Nabokov without a rebound.
14:08 of 1st period - Maxim Lapierre wins face-off versus Vitali Yachmenev in Bruins zone.
14:35 of 1st period - Scott Hartnell is hit by Marian Gaborik and loses puck.
15:00 of 1st period - Slapshot by Michael Ryder.
15:00 of 1st period - Goal by Michael Ryder - Coyotes : 0 - Bruins : 4.
15:00 of 1st period - Peter Budaj enters game.
15:01 of 1st period - Eric Lindros wins face-off versus Frans Nielsen in neutral zone.
15:55 of 1st period - Drew Miller is hit by Zdeno Chara and loses puck.
16:02 of 1st period - Wrist shot by Victor Oreskovich.
16:02 of 1st period - Shot Misses the Net.
16:34 of 1st period - Wrist shot by Daniel Briere.
16:34 of 1st period - Shot Misses the Net.
16:54 of 1st period - Snap shot by Sergei Samsonov.
16:54 of 1st period - Shot Misses the Net.
17:42 of 1st period - Frans Nielsen is hit by Daniel Briere and loses puck.
18:24 of 1st period - Wojtek Wolski is hit by Pavel Brendl and loses puck.
18:53 of 1st period - Lukas Krajicek is hit by Eric Lindros and loses puck.
19:13 of 1st period - Denis Grebeshkov is hit by Michael Ryder and loses puck.
19:30 of 1st period - Frans Nielsen is hit by Victor Oreskovich and loses puck.
19:37 of 1st period - Andrew Alberts is hit by Brenden Morrow and loses puck.
19:46 of 1st period - Marian Gaborik is hit by Zdeno Chara and loses puck.

2nd period


0:01 of 2nd period - Frans Nielsen wins face-off versus Eric Lindros in neutral zone.
0:49 of 2nd period - Andrew Alberts is hit by Gilbert Brule and loses puck.
0:58 of 2nd period - Snap shot by Zdeno Chara.
0:58 of 2nd period - Deflect By Scottie Upshall.
0:58 of 2nd period - Shot Misses the Net.
0:58 of 2nd period - Puck is out of play.
0:59 of 2nd period - Daniel Briere wins face-off versus Frans Nielsen in Coyotes zone.
1:06 of 2nd period - Daniel Briere is hit by Brenden Morrow and loses puck.
1:22 of 2nd period - Icing by Ryan O'Byrne.
1:23 of 2nd period - Eric Lindros wins face-off versus Maxim Lapierre in Bruins zone.
1:23 of 2nd period - Eric Lindros is hit by Jamal Mayers.
1:30 of 2nd period - Jeff Carter beats up Lukas Krajicek.
1:30 of 2nd period - Penalty to Jeff Carter for Fighting.
1:30 of 2nd period - Penalty to Lukas Krajicek for Fighting.
1:31 of 2nd period - Eric Lindros wins face-off versus Frans Nielsen in neutral zone.
1:44 of 2nd period - Snap shot by Jay Bouwmeester.
1:44 of 2nd period - Shot Blocked by Daniel Briere.
1:46 of 2nd period - Wrist shot by Brenden Morrow.
1:46 of 2nd period - Shot Misses the Net.
1:47 of 2nd period - Minor Penalty to Scott Hartnell for Interference.
1:48 of 2nd period - Eric Lindros wins face-off versus Frans Nielsen in Bruins zone.
2:16 of 2nd period - Off-side.
2:17 of 2nd period - Eric Lindros wins face-off versus Maxim Lapierre in neutral zone.
2:34 of 2nd period - Snap shot by Brenden Morrow.
2:34 of 2nd period - Shot Blocked by Joe Corvo.
2:38 of 2nd period - Snap shot by Marian Gaborik.
2:38 of 2nd period - Shot Misses the Net.
2:40 of 2nd period - Snap shot by Marian Gaborik.
2:40 of 2nd period - Shot Misses the Net.
2:56 of 2nd period - Slapshot by Joe Corvo.
2:56 of 2nd period - Deflect By Jay Bouwmeester.
2:56 of 2nd period - Stopped by Peter Budaj with a rebound.
3:02 of 2nd period - Richard Lintner is hit by Christian Ehrhoff and loses puck.
3:47 of 2nd period - Penalty to Scott Hartnell is over, Scott Hartnell is back on ice.
4:00 of 2nd period - Minor Penalty to Wojtek Wolski for Roughing.
4:01 of 2nd period - Eric Lindros wins face-off versus Frans Nielsen in Bruins zone.
4:12 of 2nd period - Snap shot by Eric Lindros.
4:12 of 2nd period - Deflect By Frans Nielsen.
4:12 of 2nd period - Stopped by Peter Budaj without a rebound.
4:13 of 2nd period - Eric Lindros wins face-off versus Frans Nielsen in Coyotes zone.
4:22 of 2nd period - Slapshot by Jay Bouwmeester.
4:22 of 2nd period - Stopped by Evgeni Nabokov with a rebound.
4:27 of 2nd period - Minor Penalty to Eric Lindros for Tripping.
4:27 of 2nd period - Minor Penalty to Frans Nielsen for High sticking.
4:28 of 2nd period - Marian Gaborik wins face-off versus Matt Cooke in Bruins zone.
4:33 of 2nd period - Slapshot by Brenden Morrow.
4:33 of 2nd period - Shot Misses the Net.
4:35 of 2nd period - Slapshot by Brenden Morrow.
4:35 of 2nd period - Stopped by Evgeni Nabokov without a rebound.
4:36 of 2nd period - Marian Gaborik wins face-off versus Matt Cooke in Bruins zone.
4:41 of 2nd period - Wrist shot by Marian Gaborik.
4:41 of 2nd period - Stopped by Evgeni Nabokov with a rebound.
4:43 of 2nd period - Slapshot by Christian Ehrhoff.
4:43 of 2nd period - Stopped by Evgeni Nabokov without a rebound.
4:44 of 2nd period - Marian Gaborik wins face-off versus Matt Cooke in Bruins zone.
5:55 of 2nd period - Slapshot by Craig Adams.
5:55 of 2nd period - Shot Misses the Net.
6:00 of 2nd period - Penalty to Wojtek Wolski is over, Wojtek Wolski is back on ice.
6:05 of 2nd period - Craig Adams is hit by Matt Hendricks and loses puck.
6:14 of 2nd period - Slapshot by Andrew Alberts.
6:14 of 2nd period - Stopped by Peter Budaj with a rebound.
6:16 of 2nd period - Slapshot by Zdeno Chara.
6:16 of 2nd period - Stopped by Peter Budaj with a rebound.
6:18 of 2nd period - Slapshot by Zdeno Chara.
6:18 of 2nd period - Shot Misses the Net.
6:20 of 2nd period - Slapshot by Zdeno Chara.
6:20 of 2nd period - Shot Misses the Net.
6:27 of 2nd period - Penalty to Eric Lindros is over, Eric Lindros is back on ice.
6:27 of 2nd period - Penalty to Frans Nielsen is over, Frans Nielsen is back on ice.
7:07 of 2nd period - Slapshot by Wojtek Wolski.
7:07 of 2nd period - Stopped by Peter Budaj with a rebound.
7:09 of 2nd period - Snap shot by Matt Hendricks.
7:09 of 2nd period - Goal by Matt Hendricks - Coyotes : 0 - Bruins : 5.
7:10 of 2nd period - Jamal Mayers wins face-off versus Wayne Primeau in neutral zone.
7:23 of 2nd period - Snap shot by Maxim Lapierre.
7:23 of 2nd period - Stopped by Evgeni Nabokov without a rebound.
7:24 of 2nd period - Eric Lindros wins face-off versus Frans Nielsen in Bruins zone.
7:51 of 2nd period - Wayne Primeau is hit by Jay Bouwmeester and loses puck.
7:58 of 2nd period - Snap shot by Scottie Upshall.
7:58 of 2nd period - Stopped by Peter Budaj without a rebound.
7:59 of 2nd period - Jeff Carter wins face-off versus Maxim Lapierre in Coyotes zone.
8:08 of 2nd period - Snap shot by Wojtek Wolski.
8:08 of 2nd period - Stopped by Peter Budaj without a rebound.
8:09 of 2nd period - Jeff Carter wins face-off versus Maxim Lapierre in Coyotes zone.
8:12 of 2nd period - Snap shot by Jeff Carter.
8:12 of 2nd period - Shot Blocked by Jamal Mayers.
8:24 of 2nd period - Snap shot by Jamal Mayers.
8:24 of 2nd period - Shot Misses the Net.
8:26 of 2nd period - Wrist shot by Jamal Mayers.
8:26 of 2nd period - Shot Misses the Net.
8:28 of 2nd period - Wrist shot by Maxim Lapierre.
8:28 of 2nd period - Goal by Maxim Lapierre - Coyotes : 1 - Bruins : 5.
8:29 of 2nd period - Eric Lindros wins face-off versus Frans Nielsen in neutral zone.
8:59 of 2nd period - Snap shot by Sergei Samsonov.
8:59 of 2nd period - Shot Misses the Net.
9:01 of 2nd period - Slapshot by Kurt Sauer.
9:01 of 2nd period - Shot Blocked by Vitali Yachmenev.
9:03 of 2nd period - Slapshot by Denis Grebeshkov.
9:03 of 2nd period - Shot Misses the Net.
9:20 of 2nd period - Off-side.
9:21 of 2nd period - Wayne Primeau wins face-off versus Chad Larose in neutral zone.
9:26 of 2nd period - Snap shot by Scottie Upshall.
9:26 of 2nd period - Stopped by Peter Budaj without a rebound.
9:27 of 2nd period - Eric Lindros wins face-off versus Frans Nielsen in Coyotes zone.
9:40 of 2nd period - Wrist shot by Eric Lindros.
9:40 of 2nd period - Shot Blocked by Christian Ehrhoff.
11:38 of 2nd period - Off-side.
11:39 of 2nd period - Wayne Primeau wins face-off versus Chad Larose in neutral zone.
12:04 of 2nd period - Snap shot by Craig Adams.
12:04 of 2nd period - Stopped by Evgeni Nabokov without a rebound.
12:05 of 2nd period - Eric Lindros wins face-off versus Frans Nielsen in Bruins zone.
12:28 of 2nd period - Scott Hartnell is hit by Brenden Morrow and loses puck.
12:49 of 2nd period - Snap shot by Frans Nielsen.
12:49 of 2nd period - Stopped by Evgeni Nabokov without a rebound.
12:50 of 2nd period - Maxim Lapierre wins face-off versus Jeff Carter in Bruins zone.
12:55 of 2nd period - Slapshot by Jamal Mayers.
12:55 of 2nd period - Shot Misses the Net.
12:57 of 2nd period - Slapshot by Jamal Mayers.
12:57 of 2nd period - Stopped by Evgeni Nabokov without a rebound.
12:58 of 2nd period - Maxim Lapierre wins face-off versus Jeff Carter in Bruins zone.
13:13 of 2nd period - Wrist shot by Sergei Samsonov.
13:13 of 2nd period - Stopped by Evgeni Nabokov with a rebound.
13:51 of 2nd period - Marian Gaborik is hit by Scott Hartnell and loses puck.
14:04 of 2nd period - Jay Bouwmeester is hit by Matt Hendricks and loses puck.
14:25 of 2nd period - Wrist shot by Lukas Krajicek.
14:25 of 2nd period - Shot Blocked by Jeff Carter.
14:46 of 2nd period - Minor Penalty to Ryan O'Byrne for High sticking.
14:47 of 2nd period - Eric Lindros wins face-off versus Frans Nielsen in Bruins zone.
16:14 of 2nd period - Icing by Denis Grebeshkov.
16:15 of 2nd period - Matt Hendricks wins face-off versus Maxim Lapierre in Coyotes zone.
16:44 of 2nd period - Slapshot by Sergei Samsonov.
16:44 of 2nd period - Goal by Sergei Samsonov - Coyotes : 2 - Bruins : 5.
16:45 of 2nd period - Eric Lindros wins face-off versus Frans Nielsen in neutral zone.
18:30 of 2nd period - Christian Ehrhoff is hit by Jeff Carter and loses puck.
18:35 of 2nd period - Snap shot by Craig Adams.
18:35 of 2nd period - Shot Blocked by Wojtek Wolski.
18:37 of 2nd period - Slapshot by Craig Adams.
18:37 of 2nd period - Shot Misses the Net.
18:39 of 2nd period - Wrist shot by Craig Adams.
18:39 of 2nd period - Shot Blocked by Joe Corvo.
18:48 of 2nd period - Kurt Sauer is hit by Victor Oreskovich and loses puck.

3rd period


0:01 of 3rd period - Eric Lindros wins face-off versus Frans Nielsen in neutral zone.
0:05 of 3rd period - Off-side.
0:06 of 3rd period - Frans Nielsen wins face-off versus Eric Lindros in neutral zone.
0:13 of 3rd period - Wrist shot by Marian Gaborik.
0:13 of 3rd period - Shot Misses the Net.
0:15 of 3rd period - Snap shot by Brenden Morrow.
0:15 of 3rd period - Shot Misses the Net.
0:17 of 3rd period - Snap shot by Jay Bouwmeester.
0:17 of 3rd period - Shot Blocked by Zdeno Chara.
0:19 of 3rd period - Slapshot by Brenden Morrow.
0:19 of 3rd period - Stopped by Evgeni Nabokov without a rebound.
0:20 of 3rd period - Frans Nielsen wins face-off versus Eric Lindros in Bruins zone.
0:47 of 3rd period - Jeff Carter is hit by Sergei Samsonov and loses puck.
1:14 of 3rd period - Snap shot by Michael Ryder.
1:14 of 3rd period - Stopped by Peter Budaj without a rebound.
1:15 of 3rd period - Matt Hendricks wins face-off versus Chad Larose in Coyotes zone.
1:40 of 3rd period - Drew Miller is hit by Matt Hendricks.
1:50 of 3rd period - Snap shot by Michael Ryder.
1:50 of 3rd period - Stopped by Peter Budaj without a rebound.
1:51 of 3rd period - Scott Hartnell wins face-off versus Frans Nielsen in Coyotes zone.
2:06 of 3rd period - Snap shot by Marian Gaborik.
2:06 of 3rd period - Deflect By Frans Nielsen.
2:06 of 3rd period - Shot Misses the Net.
2:06 of 3rd period - Puck is out of play.
2:07 of 3rd period - Jeff Carter wins face-off versus Maxim Lapierre in Bruins zone.
2:14 of 3rd period - Snap shot by Maxim Lapierre.
2:14 of 3rd period - Stopped by Evgeni Nabokov with a rebound.
2:16 of 3rd period - Snap shot by Sergei Samsonov.
2:16 of 3rd period - Shot Misses the Net.
2:21 of 3rd period - Icing by Vitali Yachmenev.
2:22 of 3rd period - Jeff Carter wins face-off versus Frans Nielsen in Bruins zone.
2:22 of 3rd period - Jeff Carter is hit by Jay Bouwmeester.
2:31 of 3rd period - Off-side.
2:32 of 3rd period - Eric Lindros wins face-off versus Frans Nielsen in neutral zone.
2:55 of 3rd period - Backhand shot by Marian Gaborik.
2:55 of 3rd period - Shot Blocked by Zdeno Chara.
2:57 of 3rd period - Slapshot by Christian Ehrhoff.
2:57 of 3rd period - Stopped by Evgeni Nabokov without a rebound.
2:58 of 3rd period - Jeff Carter wins face-off versus Maxim Lapierre in Bruins zone.
2:58 of 3rd period - Jeff Carter is hit by Maxim Lapierre.
3:04 of 3rd period - Wrist shot by Wojtek Wolski.
3:04 of 3rd period - Stopped by Peter Budaj without a rebound.
3:05 of 3rd period - Maxim Lapierre wins face-off versus Jeff Carter in Coyotes zone.
3:30 of 3rd period - Slapshot by Jeff Carter.
3:30 of 3rd period - Stopped by Peter Budaj without a rebound.
3:31 of 3rd period - Eric Lindros wins face-off versus Frans Nielsen in Coyotes zone.
3:36 of 3rd period - Slapshot by Eric Lindros.
3:36 of 3rd period - Stopped by Peter Budaj with a rebound.
3:38 of 3rd period - Wrist shot by Zdeno Chara.
3:38 of 3rd period - Stopped by Peter Budaj with a rebound.
3:40 of 3rd period - Slapshot by Zdeno Chara.
3:40 of 3rd period - Deflect By Brenden Morrow.
3:40 of 3rd period - Stopped by Peter Budaj with a rebound.
3:42 of 3rd period - Snap shot by Scott Hartnell.
3:42 of 3rd period - Goal by Scott Hartnell - Coyotes : 2 - Bruins : 6.
3:43 of 3rd period - Eric Lindros wins face-off versus Frans Nielsen in neutral zone.
3:45 of 3rd period - Off-side.
3:46 of 3rd period - Scott Hartnell wins face-off versus Frans Nielsen in neutral zone.
3:55 of 3rd period - Snap shot by Daniel Briere.
3:55 of 3rd period - Stopped by Peter Budaj with a rebound.
4:18 of 3rd period - Icing by Marian Gaborik.
4:19 of 3rd period - Frans Nielsen wins face-off versus Wayne Primeau in Coyotes zone.
4:27 of 3rd period - Off-side.
4:28 of 3rd period - Maxim Lapierre wins face-off versus Eric Lindros in neutral zone.
5:05 of 3rd period - Slapshot by Wojtek Wolski.
5:05 of 3rd period - Goal by Wojtek Wolski - Coyotes : 2 - Bruins : 7.
5:06 of 3rd period - Eric Lindros wins face-off versus Frans Nielsen in neutral zone.
5:19 of 3rd period - Slapshot by Marian Gaborik.
5:19 of 3rd period - Shot Misses the Net.
5:21 of 3rd period - Slapshot by Frans Nielsen.
5:21 of 3rd period - Stopped by Evgeni Nabokov with a rebound.
5:58 of 3rd period - Drew Miller is hit by Scottie Upshall and loses puck.
6:03 of 3rd period - Wrist shot by Scottie Upshall.
6:03 of 3rd period - Stopped by Peter Budaj with a rebound.
6:05 of 3rd period - Wrist shot by Scottie Upshall.
6:05 of 3rd period - Stopped by Peter Budaj with a rebound.
6:07 of 3rd period - Slapshot by Ryan O'Byrne.
6:07 of 3rd period - Shot Hit the Post.
6:17 of 3rd period - Joe Corvo is hit by Brenden Morrow and loses puck.
6:27 of 3rd period - Minor Penalty to Brenden Morrow for Tripping.
6:28 of 3rd period - Eric Lindros wins face-off versus Marian Gaborik in Coyotes zone.
7:15 of 3rd period - Snap shot by Wojtek Wolski.
7:15 of 3rd period - Goal by Wojtek Wolski - Coyotes : 2 - Bruins : 8.
7:16 of 3rd period - Wayne Primeau wins face-off versus Frans Nielsen in neutral zone.
7:42 of 3rd period - Sergei Samsonov is hit by Matt Cooke and loses puck.
7:47 of 3rd period - Wrist shot by Michael Ryder.
7:47 of 3rd period - Stopped by Peter Budaj with a rebound.
7:49 of 3rd period - Slapshot by Zdeno Chara.
7:49 of 3rd period - Shot Blocked by Christian Ehrhoff.
7:51 of 3rd period - Backhand shot by Michael Ryder.
7:51 of 3rd period - Shot Blocked by Jay Bouwmeester.
7:53 of 3rd period - Snap shot by Matt Cooke.
7:53 of 3rd period - Stopped by Peter Budaj with a rebound.
7:55 of 3rd period - Slapshot by Michael Ryder.
7:55 of 3rd period - Shot Misses the Net.
8:25 of 3rd period - Slapshot by Riley Cote.
8:25 of 3rd period - Shot Misses the Net.
8:27 of 3rd period - Slapshot by Jay Bouwmeester.
8:27 of 3rd period - Shot Misses the Net.
8:29 of 3rd period - Snap shot by Gilbert Brule.
8:29 of 3rd period - Stopped by Evgeni Nabokov without a rebound.
8:30 of 3rd period - Jeff Carter wins face-off versus Gilbert Brule in Bruins zone.
8:45 of 3rd period - Snap shot by Vitali Yachmenev.
8:45 of 3rd period - Shot Misses the Net.
9:17 of 3rd period - Gilbert Brule is hit by Matt Cooke.
10:05 of 3rd period - Snap shot by Marian Gaborik.
10:05 of 3rd period - Stopped by Evgeni Nabokov with a rebound.
10:27 of 3rd period - Wrist shot by Scottie Upshall.
10:27 of 3rd period - Stopped by Peter Budaj without a rebound.
10:28 of 3rd period - Maxim Lapierre wins face-off versus Wayne Primeau in Coyotes zone.
10:33 of 3rd period - Jay Bouwmeester is hit by Victor Oreskovich and loses puck.
11:08 of 3rd period - Snap shot by Scottie Upshall.
11:08 of 3rd period - Stopped by Peter Budaj with a rebound.
11:10 of 3rd period - Slapshot by Christoph Schubert.
11:10 of 3rd period - Shot Blocked by Christian Ehrhoff.
11:16 of 3rd period - Wrist shot by Scottie Upshall.
11:16 of 3rd period - Shot Blocked by Jay Bouwmeester.
11:18 of 3rd period - Wrist shot by Wayne Primeau.
11:18 of 3rd period - Stopped by Peter Budaj without a rebound.
11:19 of 3rd period - Scott Hartnell wins face-off versus Frans Nielsen in Coyotes zone.
11:49 of 3rd period - Snap shot by Maxim Lapierre.
11:49 of 3rd period - Shot Misses the Net.
12:49 of 3rd period - Icing by Brenden Morrow.
12:50 of 3rd period - Wayne Primeau wins face-off versus Frans Nielsen in Coyotes zone.
12:54 of 3rd period - Icing by Christian Ehrhoff.
12:55 of 3rd period - Frans Nielsen wins face-off versus Eric Lindros in Coyotes zone.
13:08 of 3rd period - Wrist shot by Frans Nielsen.
13:08 of 3rd period - Stopped by Evgeni Nabokov without a rebound.
13:09 of 3rd period - Eric Lindros wins face-off versus Frans Nielsen in Bruins zone.
13:16 of 3rd period - Wrist shot by Marian Gaborik.
13:16 of 3rd period - Shot Blocked by Daniel Briere.
13:18 of 3rd period - Slapshot by Jay Bouwmeester.
13:18 of 3rd period - Stopped by Evgeni Nabokov with a rebound.
13:20 of 3rd period - Wrist shot by Frans Nielsen.
13:20 of 3rd period - Shot Misses the Net.
13:36 of 3rd period - Icing by Daniel Briere.
13:37 of 3rd period - Eric Lindros wins face-off versus Chad Larose in Bruins zone.
14:04 of 3rd period - Snap shot by Wojtek Wolski.
14:04 of 3rd period - Shot Misses the Net.
14:10 of 3rd period - Slapshot by Marian Gaborik.
14:10 of 3rd period - Shot Blocked by Jeff Carter.
14:12 of 3rd period - Snap shot by Brenden Morrow.
14:12 of 3rd period - Shot Blocked by Joe Corvo.
14:31 of 3rd period - Wrist shot by Maxim Lapierre.
14:31 of 3rd period - Shot Misses the Net.
15:04 of 3rd period - Denis Grebeshkov is hit by Vitali Yachmenev and loses puck.
15:10 of 3rd period - Icing by Kurt Sauer.
15:11 of 3rd period - Jeff Carter wins face-off versus Gilbert Brule in Coyotes zone.
15:15 of 3rd period - Minor Penalty to Riley Cote for Hooking.
15:16 of 3rd period - Eric Lindros wins face-off versus Marian Gaborik in Coyotes zone.
17:10 of 3rd period - Denis Grebeshkov is hit by Wojtek Wolski and loses puck.
17:15 of 3rd period - Penalty to Riley Cote is over, Riley Cote is back on ice.
17:23 of 3rd period - Wrist shot by Sergei Samsonov.
17:23 of 3rd period - Stopped by Evgeni Nabokov with a rebound.
17:25 of 3rd period - Wrist shot by Jamal Mayers.
17:25 of 3rd period - Shot Blocked by Victor Oreskovich.
17:27 of 3rd period - Slapshot by Denis Grebeshkov.
17:27 of 3rd period - Deflect By Wayne Primeau.
17:27 of 3rd period - Stopped by Evgeni Nabokov with a rebound.
17:29 of 3rd period - Slapshot by Denis Grebeshkov.
17:29 of 3rd period - Shot Misses the Net.
17:31 of 3rd period - Snap shot by Sergei Samsonov.
17:31 of 3rd period - Deflect By Jamal Mayers.
17:31 of 3rd period - Shot Blocked by Scottie Upshall.
17:31 of 3rd period - Puck is out of play.
17:32 of 3rd period - Matt Hendricks wins face-off versus Maxim Lapierre in Bruins zone.
18:17 of 3rd period - Jay Bouwmeester is hit by Andrew Alberts and loses puck.
19:16 of 3rd period - Craig Adams is hit by Victor Oreskovich and loses puck.
19:25 of 3rd period - Slapshot by Kurt Sauer.
19:25 of 3rd period - Shot Blocked by Andrew Alberts.
19:42 of 3rd period - Off-side.
19:43 of 3rd period - Frans Nielsen wins face-off versus Wojtek Wolski in neutral zone.
19:45 of 3rd period - Wojtek Wolski and Brenden Morrow fight to a draw.
19:45 of 3rd period - Penalty to Wojtek Wolski for Fighting.
19:45 of 3rd period - Penalty to Brenden Morrow for Fighting.
19:46 of 3rd period - Eric Lindros wins face-off versus Frans Nielsen in Bruins zone.
19:56 of 3rd period - Joe Corvo and Jay Bouwmeester fight to a draw.
19:56 of 3rd period - Penalty to Joe Corvo for Fighting.
19:56 of 3rd period - Penalty to Jay Bouwmeester for Fighting.
19:57 of 3rd period - Eric Lindros wins face-off versus Frans Nielsen in neutral zone.


Output by the SimonT Hockey Simulator (STHS) for François Prévost -- Original Page W3C XHTML 1.0 Valid
Hockey Simulator - Hockey Simulation - Hockey Manager